 Dungeon Crawl Stone Soup version 0.29.1-15-g9cfb28693d (webtiles) character file.

Game seed: 4748693700909949932

588 Rogue2023 the Magician (level 7, -4/50 HPs)
             Began as a Djinni Fire Elementalist on Mar 23, 2023.
             Was a High Priest of Ignis.
             Slain by a yak (7 damage)
             ... on level 5 of the Dungeon.
             The game lasted 00:09:41 (4697 turns).

Rogue2023 the Magician (Djinni Fire Elementalist)   Turns: 4697, Time: 00:09:41

Health: -4/50      AC:  6    Str:  7    XL:     7   Next: 65%
Gold:   335        EV: 13    Int: 19    God:    Ignis [*****.] SH:  0 Dex: 13

rFire   + + +      SeeInvis .   (no weapon)
rCold   x . .      Faith    .   (no shield)
rNeg    . . .      Spirit   .   a - +0 robe
rPois   ∞          Reflect  .   n - +3 helmet of Xemaepn {rElec}
rElec   +          Harm     .   (no cloak)
rCorr   .          Rampage  .   (no gloves)
Will    .....                   (boots unavailable)
Stlth   ++........              (no amulet)
HPRegen 0.16/turn               (no ring)
MPRegen 0.00/turn               (no ring)

@: flying
A: sickness immunity, fire resistance 2, cold vulnerability 1, float, innate
caster, HP casting, extra vitality 1
a: Renounce Religion, Fiery Armour, Foxfire Swarm, Rising Flame


You were on level 5 of the Dungeon.
You worshipped Ignis.
Ignis was extremely pleased with you.
You visited 1 branch of the dungeon, and saw 5 of its levels.

You collected 335 gold pieces.

Inventory:

Armour
 a - a +0 robe (worn)
 n - the +3 helmet of Xemaepn (worn) {rElec}
   (You found it on level 3 of the Dungeon)

   rElec:     It insulates you from electricity.
Jewellery
 q - a ring of ice
Wands
 o - a wand of roots (14)
Scrolls
 d - 2 scrolls of vulnerability
 h - a scroll of poison
Potions
 e - 2 potions of lignification
 f - 5 potions of curing
 g - 2 potions of heal wounds {unknown}
 i - a potion of invisibility {unknown}
 j - a potion of might {unknown}
 p - 2 potions of ambrosia {unknown}


   Skills:
 + Level 3.5 Fighting
 + Level 4.7 Dodging
 - Level 1.5 Stealth
 * Level 4.8 Spellcasting


You couldn't memorise any spells.
You knew the following spells:

 Your Spells              Type           Power      Damage    Failure   Level
a - Foxfire               Conj/Fire      88%        2x1d8     1%          1
b - Scorch                Fire           44%        2d7       2%          2
c - Conjure Flame         Conj/Fire      22%        6-21      5%          3
d - Inner Flame           Hex/Fire       22%        N/A       5%          3
e - Flame Wave            Conj/Fire      22%        2d8       17%         4
f - Beastly Appendage     Tmut           44%        N/A       1%          1
g - Static Discharge      Conj/Air       22%        3-6/arc   2%          2
h - Mephitic Cloud        Conj/Pois/Air  22%        N/A       5%          3
Your spell library was empty.

Dungeon Overview and Level Annotations

Branches:
Dungeon (5/15)
 Temple: D:4-7

Altars:
Hepliaklqana
Trog
Ignis


Innate Abilities, Weirdness & Mutations

You are immune to sickness and miasma.
You are immune to poison.
Your flesh is very heat resistant. (rF++)
You are vulnerable to cold. (rC-)
You float through the air rather than walking.
You learn spells naturally, not from books.
Your magical power is your life essence.
You have superior vitality. (+4 MHP)


Message History

Aim: a yak (chance to affect: 78%)
Okay, then.
Casting: Inner Flame (dangerous; 5% risk of failure)
Confirm with . or Enter, or press ? or * to list all spells.
You miscast Conjure Flame.
You are very lightly contaminated with residual magic.
Nothing appears to happen.
The yak attacks as you move away! The yak misses you.
The yak attacks as you move away! The yak gores you!
The yak attacks as you move away! The yak barely misses you.
Okay, then.
Unknown command.
Okay, then.
This is a scroll of acquirement!
Something appears before you! The yak gores you!
Unknown command.
Okay, then.
Okay, then.
The yak attacks as you move away! The yak misses you.
Your magical contamination has completely faded away.
The yak attacks as you move away! The yak gores you!
The yak attacks as you move away! The yak gores you but does no damage.
The yak attacks as you move away! The yak barely misses you.
The yak attacks as you move away! The yak closely misses you.
The yak attacks as you move away! The yak gores you!
* * * LOW HITPOINT WARNING * * *
You hear the rapid hiss of a very distant avalanche of sand.
Things that are here:
a +0 shortbow; 5 stones The yak attacks as you move away!
The yak gores you.
* * * LOW HITPOINT WARNING * * *
The yak attacks as you move away! The yak barely misses you.
Casting: Conjure Flame (dangerous; 5% risk of failure)
Confirm with . or Enter, or press ? or * to list all spells.
You don't have enough health to cast this spell.
Casting: Conjure Flame (dangerous; 5% risk of failure)
Confirm with . or Enter, or press ? or * to list all spells.
You don't have enough health to cast this spell.
The yak attacks as you move away! The yak gores you!
You die...

#.# #.###.##.################
#.# #......#.# ###.........
#.###########.# ##...########
#.............# #............
##################..##########
................#...
.........#.##.#.#..#
###.#########.#....#.#.##
#..>....@Y.YW..Y.........
#..####.#####......#.#### #..#
#.# ######.#.oW.. #..# #.#
#.#Y.... #..####.# #.#o###Y
#.......# #.#...Y.
##.###############.######
#..........÷........oY$.
#################.######


You could see 3 yaks and a phantom.

Vanquished Creatures
  An ogre (D:4)
  2 centaurs
  A scorpion (D:5)
  An orc priest (D:4)
  Ijyb (D:4)
  2 orc wizards (D:4)
  7 adders
  4 gnolls
  A worm (D:3)
  A dart slug (D:1)
  4 orcs
  2 ball pythons
  6 endoplasms
  A giant cockroach (D:4)
  4 goblins
  7 hobgoblins
  6 jackals (D:1)
  A quokka (D:2)
  4 bats
  5 frilled lizards
  4 kobolds
  3 rats
68 creatures vanquished.

Vanquished Creatures (others)
  A gnoll (D:5)
  205 foxfires
  A plant (D:3)
207 creatures vanquished.

Grand Total: 275 creatures vanquished

Notes
Turn   | Place    | Note
-------+----------+-------------------------------------------
     0 | D:1      | Rogue2023 the Djinni Fire Elementalist began the quest for
                  | the Orb.
     0 | D:1      | Rogue2023 set off with the following spells memorised:
                  | Foxfire, Scorch, Conjure Flame, Inner Flame, Flame Wave.
     0 | D:1      | Reached XP level 1. HP: 15/15 MP: 0/0
   116 | D:1      | Reached XP level 2. HP: 18/22 MP: 0/0
   398 | D:1      | Reached skill level 1 in Fighting
   413 | D:1      | Reached XP level 3. HP: 17/27 MP: 0/0
   413 | D:1      | Learned a level 1 spell: Beastly Appendage
  1689 | D:2      | Reached XP level 4. HP: 26/32 MP: 0/0
  2133 | D:2      | Found a faded altar of an unknown god.
  2140 | D:2      | Prayed at the altar of an unknown god.
  2140 | D:2      | Became a worshipper of Ignis, the Dying Flame
  2437 | D:3      | Identified the +3 helmet of Xemaepn {rElec}
  2698 | D:3      | Reached XP level 5. HP: 37/38 MP: 0/0
  2698 | D:3      | Learned a level 2 spell: Static Discharge
  3071 | D:4      | Noticed Ijyb
  3077 | D:4      | Killed Ijyb
  3078 | D:4      | Reached XP level 6. HP: 7/45 MP: 0/0
  3465 | D:4      | Noticed an ogre
  3477 | D:4      | Killed an ogre
  3858 | D:4      | Reached XP level 7. HP: 48/50 MP: 0/0
  3858 | D:4      | Learned a level 3 spell: Mephitic Cloud
  3930 | D:4      | Found a bloodstained altar of Trog.
  3930 | D:4      | Found a hazy altar of Hepliaklqana.
  4105 | D:5      | Entered Level 5 of the Dungeon
  4662 | D:5      | Noticed a yak
  4662 | D:5      | Noticed a yak
  4662 | D:5      | Noticed a yak
  4663 | D:5      | Noticed a yak
  4663 | D:5      | Noticed a yak
  4665 | D:5      | Noticed a yak
  4674 | D:5      | Identified a scroll of acquirement
  4674 | D:5      | Acquired 407 gold pieces
  4697 | D:5      | Slain by a yak

Illustrated notes

Levels and vault maps discovered:
D:1:      giann_forest_graveyard, layout_basic
D:2:      layout_rooms, shapermc_ecumenical_altar_hornbeckon
D:3:      layout_basic, serial_bayou_pond_d
D:4:      layout_basic, gammafunk_temple_overflow_wave, uniq_ijyb
D:5:      layout_basic, nicolae_ossuary_entry_ruins

Skill      XL: |  1  2  3  4  5  6 |
---------------+-------------------+-----
Fighting       | 1 2 3 |  3.5
Spellcasting   | 3 4 |  4.8
Dodging        | 3 4 |  4.7
Stealth        | |  1.5

Action                   |  1- 3 |  4- 6 |  7- 9 || total
-------------------------+-------+-------+-------++-------
 Cast: Foxfire           |    51 |    52 |    19 ||   122
       Scorch            |     3 |     8 |     8 ||    19
       Mephitic Cloud    |       |       |     6 ||     6
       Conjure Flame     |       |       |     1 ||     1
  Use: Scroll            |     1 |       |     8 ||     9
Armor: Robe              |     7 |     4 |     5 ||    16
Dodge: Dodged            |     9 |     7 |    18 ||    34
